AoeStats
← Dantegutsh

Black Forest

509457890Analyzed
3v3 RM · 6d ago on Sep 26, 2026· 20m 40s· 6 players
Game mode
Random Map
Map size
Normal (6 player)
Population
200
Speed
Normal
Resources
Standard
Victory
Conquest
Starting age
Dark Age
Ending age
Imperial Age
RankedLock teamsTeams togetherTeam positionsShared explorationLock speedFull tech treeHidden civsTurbo modeCheats
Victory
Defeat
🇲🇽 Khitans · Mexico
1495
+12
🇲🇽 Cumans · Mexico
1403
+16
🇲🇽 Britons · Mexico
1325
+20
🇦🇹 Italians · Austria
1448
-18
🇺🇸 Varangians · United States
1404
-16
🇦🇹 Danes · Austria
1364
-14
Dantegutsh
6:49 Loom
9:36 Feudal Age
12:01 Double-Bit Axe
Davicho26
0:26 Loom
10:43 Feudal Age
14:32 Fletching
17:47 Wheelbarrow
21:59 Castle Age
Mike
0:54 Loom
9:17 Feudal Age
11:33 Double-Bit Axe
14:37 Forging
15:08 Scale Barding Armor
17:50 Domestication
SlopMasta
0:53 Loom
9:57 Feudal Age
10:29 Double-Bit Axe
11:53 Horse Collar
13:40 Wheelbarrow
14:34 Man-at-Arms
CMCHJK
12:23 Feudal Age
13:07 Double-Bit Axe
13:09 Fishing Lines
16:49 Wheelbarrow
17:53 Scale Barding Armor
20:01 Castle Age
19:55 Bloodlines
21:22 Forging
Killerqueen
0:44 Loom
12:33 Feudal Age
16:22 Castle Age
14:10 Double-Bit Axe
18:19 Horse Collar
Connection lost

Rejoining the realm…

Still unreachable

The connection could not be restored.

Session expired

The server has moved on; the page needs a fresh start.